 Dungeon Crawl Stone Soup version 0.23.2-33-g5129a83184 (webtiles) character file.

Game seed: 6157993380545867171

356 Folque001 the Conjurer (level 6, -4/45 HPs)
             Began as a Demigod Conjurer on Aug 2, 2019.
             Slain by an orc wizard
             ... wielding a +0 dagger
              (6 damage)
             ... on level 4 of the Dungeon.
             The game lasted 00:09:05 (3742 turns).

Folque001 the Conjurer (Demigod Conjurer)           Turns: 3742, Time: 00:09:05

Health: -4/45      AC:  2    Str:  8 (11) XL:     6   Next: 13%
Magic:  0/15       EV: 12    Int: 27 (28) God:
Gold:   207        SH:  0    Dex: 15 (16) Spells: 2/12 levels left

rFire    . . .     SeeInvis .   r - +0 long sword
rCold    . . .     Gourm    .   (no shield)
rNeg     . . .     Faith    .   a - +0 robe
rPois    .         Spirit   .   (no helmet)
rElec    .         Reflect  .   (no cloak)
rCorr    .         Harm     .   (no gloves)
MR       .....                  (no boots)
Stlth    +.........             (no amulet)
HPRegen  0.15/turn              (no ring)
MPRegen  0.14/turn              (no ring)

@: confused, brilliant, flying, hasted, very quick
A: high mp 1
a: no special abilities


You were on level 4 of the Dungeon.
You were hungry.

You visited 1 branch of the dungeon, and saw 4 of its levels.

You collected 207 gold pieces.

Inventory:

Hand Weapons
 d - a +0 dagger
 r - a +0 long sword (weapon)
Missiles
 t - 7 tomahawks (quivered)
Armour
 a - a +0 robe (worn)
Wands
 w - a wand of flame (17)
 y - a wand of acid (3)
Scrolls
 b - 3 scrolls of identify
 f - a scroll of magic mapping {unknown}
 g - 2 scrolls of remove curse {unknown}
 i - 2 scrolls of teleportation {unknown}
 l - a scroll of enchant weapon {unknown}
 q - a scroll of fog {unknown}
 v - 3 scrolls of amnesia {unknown}
 x - a scroll of blinking {unknown}
 A - a scroll of fear {unknown}
Potions
 e - 4 potions of mutation
 m - a potion of might
 n - a potion of invisibility {unknown}
 o - 4 potions of curing {unknown}
 u - a potion of ambrosia {unknown}
Comestibles
 c - 11 rations
 z - 7 chunks of flesh


   Skills:
 - Level 1.7 Dodging
 - Level 1.7 Stealth
 + Level 3.9 Spellcasting
 + Level 4.8 Conjurations
 * Level 2.9 Hexes


You had 2 spell levels left.
You knew the following spells:

 Your Spells              Type           Power        Failure   Level  Hunger
a - Magic Dart            Conj           ####         1%          1    None
b - Searing Ray           Conj           #####.       1%          2    None
c - Dazzling Spray        Conj/Hex       #####.       1%          3    ##.....
d - Fulminant Prism       Conj/Hex       #####.....   1%          4    ####...

Your spell library contained the following spells:

 Spells                   Type           Power        Failure   Level  Hunger
 Iskenderun's Mystic Bla  Conj           #####...     1%          4    ####...
 Force Lance              Conj/Tloc      ####....     3%          4    ####...


Dungeon Overview and Level Annotations

Branches:
Dungeon (4/15)
 Temple: D:4-7

Portals:
Sewer: D:4

Annotations:
D:4 2 runed translucent doors


Innate Abilities, Weirdness & Mutations

You have an increased reservoir of magic. (+10% MP)


Message History

The orc hits you with a +0 short sword.
* * * LOW HITPOINT WARNING * * *
It was a potion of degeneration.
There was something very wrong with that liquid.
You feel weakened.
You feel dopey.
You feel clumsy.
The orc wizard hits you with a +0 dagger.
* * * LOW HITPOINT WARNING * * *
The orc hits you with a +0 short sword.
* * * LOW HITPOINT WARNING * * *
It was a potion of haste.
You feel yourself speed up. The orc wizard misses you.
The orc barely misses you.
Some of the chunks of flesh in your inventory have rotted away.
It was a potion of brilliance.
You feel clever all of a sudden. The orc wizard closely misses you.
It was a potion of flight.
You feel very buoyant.
You fly up into the air.
The orc barely misses you.
The orc wizard hits you with a +0 dagger.
You die...

.........# ##....#
#.....# #.#..## ..#...#
..#...############
..#..............#
.......(..)......##
##.####.........@o#
##.. ##.......#≈o))..#
...). #.......#≈≈≈...#
...............#≈≈≈≈.##
. ......!...>.#≈≈≈≈.#
......<.....#∩≈≈≈.#
............#######
.............


You could see an orc wizard and an orc.

Vanquished Creatures
  An orc wizard (D:4)
  2 orc priests (D:4)
  2 worker ants
  4 gnolls (D:2)
  6 adders
  2 river rats (D:4)
  A shadow imp (D:3)
  6 worms
  A dart slug (D:1)
  8 orcs (D:4)
  5 giant cockroaches
  8 goblins
  8 hobgoblins
  4 jackals (D:3)
  2 quokkas
  5 ball pythons
  7 bats
  3 frilled lizards
  5 kobolds
  8 rats
88 creatures vanquished.

Vanquished Creatures (others)
  2 fulminant prisms (D:4)
2 creatures vanquished.

Grand Total: 90 creatures vanquished

Notes
Turn   | Place    | Note
-------+----------+-------------------------------------------
     0 | D:1      | Folque001 the Demigod Conjurer began the quest for the Orb.
     0 | D:1      | Reached XP level 1. HP: 14/14 MP: 5/5
   180 | D:1      | Reached XP level 2. HP: 8/20 MP: 1/7
   184 | D:1      | Learned a level 2 spell: Searing Ray
  1676 | D:2      | Reached XP level 3. HP: 11/26 MP: 6/9
  1863 | D:1      | Learned a level 3 spell: Dazzling Spray
  1876 | D:2      | Reached skill level 4 in Conjurations
  1993 | D:2      | Found a shimmering altar of Xom.
  2128 | D:2      | Reached XP level 4. HP: 28/33 MP: 11/11
  2594 | D:3      | Reached skill level 1 in Hexes
  3082 | D:3      | Reached XP level 5. HP: 21/38 MP: 8/13
  3228 | D:3      | Learned a level 4 spell: Fulminant Prism
  3516 | D:4      | Found a runed translucent gate.
  3521 | D:4      | Found a runed translucent gate.
  3636 | D:4      | Reached XP level 6. HP: 45/45 MP: 9/14
  3707 | D:4      | Found a glowing drain.
  3739 | D:4      | HP: 2/45 [orc/+0 short sword (5)]
  3742 | D:4      | Slain by an orc wizard

Skill      XL: |  1  2  3  4  5 |
---------------+----------------+-----
Spellcasting   | 2 3 |  3.9
Conjurations   | 4 |  4.8
Hexes          | 1 2 |  2.9
Dodging        | |  1.7
Stealth        | |  1.7

Action                   |  1- 3 |  4- 6 || total
-------------------------+-------+-------++-------
Melee: Dagger            |    31 |       ||    31
       Unarmed           |     2 |       ||     2
       Long sword        |    27 |    74 ||   101
 Cast: Magic Dart        |    13 |    10 ||    23
       Searing Ray       |     9 |    11 ||    20
       Dazzling Spray    |       |     6 ||     6
       Fulminant Prism   |       |     2 ||     2
Evoke: Wand              |       |     5 ||     5
  Use: Potion            |       |     8 ||     8
       Scroll            |       |     1 ||     1
 Stab: Sleeping          |     2 |     1 ||     3
       Invisible         |       |     2 ||     2
  Eat: Chunk             |     4 |     6 ||    10
Armor: Robe              |    16 |    19 ||    35
Dodge: Dodged            |    60 |   115 ||   175
       Rpst.: Long sword |     8 |    43 ||    51
